[Event "Titled Tuesday Blitz April 26 Early 2022"]
[White "D`Arruda, Ricardo D."]
[Black "Cramling Bellon, Anna"]
[WhiteFideId "100692"]
[BlackFideId "32009232"]
[WhiteElo "2417"]
[BlackElo "1905"]
[Result "1-0"]
[Round "05"]
[TimeControl "180+1"]
[Date "2022.04.26"]
[WhiteClock "0:00:13"]
[BlackClock "0:00:01"]

1. Nf3 d5 2. d4 c5 3. e3 Nc6 4. Be2 e6 5. O-O Nf6 6. c4 cxd4 7. Nxd4 Be7 8. Nc3 O-O 9. b3 e5 10. Nxc6 bxc6 11. cxd5 cxd5 12. Bb2 Bb7 13. Na4 Bd6 14. Rc1 Rc8 15. Qd3 Qd7 16. h3 Ne4 17. Rfd1 Qf5 18. Bf3 Rfd8 19. Rxc8 Qxc8 20. Bxe5 Nxf2 21. Kxf2 Bxe5 22. Rd2 h6 23. Rc2 Qd7 24. Nc5 Qe7 25. Nxb7 Qxb7 26. Rc5 Qe7 27. Rxd5 Qh4+ 28. Kf1 Rxd5 29. Qxd5 Bc3 30. Qd1 g5 31. Qc1 Bf6 32. Qc8+ Kg7 33. Qf5 Qg3 34. Qd7 Bc3 35. Qd1 Bf6 36. Qe1 Qe5 37. Kf2 Qb2+ 38. Qe2 Qe5 39. Qc2 g4 40. Bxg4 Bh4+ 41. Ke2 Qg3 42. Bf3 Qf2+ 43. Kd3 Qf1+ 44. Ke4 Qe1 45. Qc4 Bf6 46. Qc2 Qh4+ 47. Kd3 Qe1 48. Qd2 Qf1+ 49. Qe2 Qb1+ 50. Qc2 Qf1+ 51. Kd2 Qf2+ 52. Kd3 Qf1+ 53. Qe2 Qb1+ 54. Kc4 Qc1+ 55. Kb5 Qc7 56. Qc4 Qb6+ 57. Ka4 Be7 58. Qd4+ Qxd4+ 59. exd4 Bd6 60. Kb5 Kf6 61. Ka6 Bf4 62. Kxa7 Be3 63. b4 Bxd4+ 64. Kb7 Ke5 65. b5 f5 66. a4 Kd6 67. a5 Kc5 68. Be2 Kb4 69. a6 Ka5 70. a7 Bxa7 71. Kxa7 1-0


[Site "https://www.chess.com"]

[Event "Titled Tuesday Blitz April 26 Early 2022"]
[White "Danilenko, Dmitriy"]
[Black "Papasimakopoulos, Alexandros"]
[WhiteFideId "14120844"]
[BlackFideId "4244125"]
[WhiteElo "2606"]
[BlackElo "2340"]
[Result "0-1"]
[Round "05"]
[TimeControl "180+1"]
[Date "2022.04.26"]
[WhiteClock "0:00:01"]
[BlackClock "0:00:16"]

1. e4 e6 2. d4 d5 3. Nc3 Bb4 4. Qd3 dxe4 5. Qxe4 Nf6 6. Qh4 Nc6 7. Nf3 Ne7 8. Bd3 Nf5 9. Bxf5 exf5 10. O-O Bxc3 11. bxc3 Ne4 12. Qxd8+ Kxd8 13. Ne5 Nd6 14. Ba3 Be6 15. Rfe1 Re8 16. Nd3 Nc4 17. Bc1 b6 18. Bf4 f6 19. h4 Kd7 20. f3 h6 21. Kf2 g5 22. Bh2 f4 23. g3 fxg3+ 24. Bxg3 a5 25. a4 Re7 26. Rh1 Rae8 27. Rae1 Bf5 28. Rxe7+ Rxe7 29. hxg5 hxg5 30. Rh6 Bxd3 31. cxd3 Nb2 32. Rxf6 Nxa4 33. c4 Nb2 34. Rf5 Nxd3+ 35. Kf1 a4 36. Rb5 Re3 37. Kg2 Re2+ 38. Kh3 Rb2 39. Rxg5 a3 40. Be5 a2 41. Rg7+ Ke6 42. Rg6+ Kf7 43. Rg7+ Kf8 44. Rg1 Nxe5 45. dxe5 Rb1 0-1


[Site "https://www.chess.com"]

[Event "Titled Tuesday Blitz April 26 Early 2022"]
[White "Darini, Pouria"]
[Black "Grandelius, Nils"]
[WhiteFideId "12502200"]
[BlackFideId "1710400"]
[WhiteElo "2489"]
[BlackElo "2617"]
[Result "0-1"]
[Round "05"]
[TimeControl "180+1"]
[Date "2022.04.26"]
[WhiteClock "0:00:03"]
[BlackClock "0:00:10"]

1. e4 c5 2. Nf3 d6 3. d4 cxd4 4. Nxd4 Nf6 5. Nc3 Nc6 6. Bc4 Qb6 7. Nxc6 bxc6 8. O-O g6 9. Qe1 Ng4 10. Na4 Qc7 11. Be2 Bg7 12. Bd2 O-O 13. Bc3 Nf6 14. Bd3 e5 15. Ba5 Qe7 16. c4 Nh5 17. Bd2 Nf4 18. Qe3 f5 19. f3 Qg5 20. g3 Nh3+ 21. Kg2 f4 22. Qe1 h5 23. Be2 Qe7 24. Rd1 Ng5 25. Kh1 Bh3 26. Rf2 Ne6 27. Bc3 Nd4 28. Bxd4 exd4 29. Bf1 Be6 30. Bd3 Be5 31. Qe2 fxg3 32. Rg2 Qh4 33. Rdg1 Kh7 34. c5 Bh3 35. Rxg3 Bxg3 36. hxg3 Qf6 37. cxd6 Qxf3+ 38. Qxf3 Rxf3 39. Nc5 Re3 40. e5 Rxe5 41. Kh2 Rxc5 42. Kxh3 Rd8 43. Re1 Rxd6 44. Re7+ Kh6 45. Rxa7 Re5 46. Re7 Rxe7 0-1


[Site "https://www.chess.com"]

[Event "Titled Tuesday Blitz April 26 Early 2022"]
[White "De Arruda, Leandro Formes"]
[Black "Melaugh, Shane"]
[WhiteFideId "22722009"]
[BlackFideId "2509580"]
[WhiteElo "1852"]
[BlackElo "1972"]
[Result "1-0"]
[Round "05"]
[TimeControl "180+1"]
[Date "2022.04.26"]
[WhiteClock "0:00:12"]
[BlackClock "0:00:51"]

1. d4 e6 2. Nf3 f5 3. Nbd2 Nf6 4. e3 Be7 5. Bd3 b6 6. O-O Bb7 7. Re1 Ne4 8. Ne5 d6 9. Qh5+ g6 10. Nxg6 Kd7 11. Nxh8 Qxh8 12. f3 Nf6 13. Qh3 Nc6 14. c3 Rg8 15. e4 fxe4 16. Nxe4 Nd8 17. Nxf6+ Qxf6 18. Be4 d5 19. Bd3 c5 20. Be3 Nc6 21. Bb5 a6 22. Bxc6+ Bxc6 23. Rad1 Rg7 24. b3 Kc7 25. Bf2 Kd7 26. Bg3 cxd4 27. cxd4 Bb4 28. Be5 Qg5 29. Bxg7 Bxe1 30. Rxe1 Qxg7 31. Qxe6+ Kc7 32. Qe7+ Qxe7 33. Rxe7+ Kd6 34. Rxh7 Bb5 35. Rh6+ Kc7 36. Kf2 Bd3 37. Ke3 Bb1 38. a3 a5 39. b4 a4 40. g4 b5 41. g5 Kd7 42. Rb6 Bc2 43. Rxb5 Ke6 44. f4 Bb3 45. Rb6+ Kf5 46. h3 Bd1 47. Rf6# 1-0


[Site "https://www.chess.com"]

[Event "Titled Tuesday Blitz April 26 Early 2022"]
[White "De Souza, Cristiano Gomes"]
[Black "Buchenau, Frank"]
[WhiteFideId "2151758"]
[BlackFideId "4604350"]
[WhiteElo "2068"]
[BlackElo "2193"]
[Result "0-1"]
[Round "05"]
[TimeControl "180+1"]
[Date "2022.04.26"]
[WhiteClock "0:00:50"]
[BlackClock "0:00:09"]

1. d4 e6 2. c4 Nf6 3. Nf3 b6 4. g3 Bb7 5. Bg2 Be7 6. O-O O-O 7. Nc3 Ne4 8. Qc2 Nxc3 9. Qxc3 f5 10. b3 Bf6 11. Bb2 d6 12. Rad1 a5 13. Rfe1 Nd7 14. Qc2 Be4 15. Qc1 Qe7 16. Nd2 Bxg2 17. Kxg2 e5 18. dxe5 dxe5 19. Nf3 e4 20. Nd4 f4 21. f3 Rae8 22. Nc6 Qe6 23. Bxf6 Qxc6 24. Ba1 fxg3 25. Qg5 exf3+ 26. Kxg3 Nf6 27. exf3 Rxe1 28. Rxe1 Qd6+ 29. Be5 Qd7 30. Bxf6 Rxf6 31. Qd5+ Qxd5 32. cxd5 Rd6 33. Re7 Rxd5 34. Rxc7 Rd2 35. Rc6 b5 36. Rc5 Rxa2 37. Rxb5 Kf7 38. Kf4 Rxh2 39. Rxa5 Rb2 40. Ra7+ Kf6 41. Rb7 g5+ 42. Kg3 h5 43. Rb5 Kg6 44. b4 h4+ 45. Kh3 Rf2 46. Rb6+ Kh5 47. Rb8 Rxf3+ 48. Kg2 Rb3 49. b5 Kg4 50. b6 Rb2+ 51. Kf1 h3 52. b7 h2 53. Rh8 Kg3 0-1


[Site "https://www.chess.com"]

[Event "Titled Tuesday Blitz April 26 Early 2022"]
[White "Deac, Bogdan-Daniel"]
[Black "Paravyan, David"]
[WhiteFideId "1226380"]
[BlackFideId "4194985"]
[WhiteElo "2648"]
[BlackElo "2569"]
[Result "1/2-1/2"]
[Round "05"]
[TimeControl "180+1"]
[Date "2022.04.26"]
[WhiteClock "0:00:07"]
[BlackClock "0:00:08"]

1. d4 Nf6 2. c4 g6 3. Nc3 d5 4. cxd5 Nxd5 5. e4 Nxc3 6. bxc3 Bg7 7. Nf3 c5 8. Bb5+ Nc6 9. O-O O-O 10. Bxc6 bxc6 11. Qc2 cxd4 12. cxd4 Bg4 13. Ne5 Qxd4 14. Bb2 Qb4 15. Rab1 Bxe5 16. Bxe5 Qa5 17. Bc3 Qa6 18. Ba1 Rad8 19. Rfe1 Be6 20. a4 Qc4 21. Qxc4 Bxc4 22. Rb7 Rfe8 23. Rxa7 Ra8 24. Bd4 Rxa7 25. Bxa7 Ra8 26. Bc5 Rxa4 27. Bxe7 f5 28. exf5 gxf5 29. f3 Ra2 30. Rb1 Kf7 31. Rb7 Kg6 32. h3 Rd2 33. Rc7 Bb5 34. Bb4 Rc2 35. Bf8 h5 36. h4 Rc4 37. Be7 Rd4 38. Bg5 Rd6 39. Kh2 Re6 40. Kg3 Re2 41. Rc8 Rc2 42. Rg8+ Kh7 43. Rf8 Bf1 44. Rxf5 Rxg2+ 45. Kf4 Bc4 46. Rf6 Bd5 47. Ke5 Re2+ 48. Kd6 Kg7 49. f4 Bf3 50. f5 Bg4 51. Rg6+ Kf7 52. Rf6+ Kg7 53. Rg6+ Kf7 54. Kxc6 Rf2 55. Rf6+ Kg7 56. Kd6 Rxf5 57. Rxf5 Bxf5 58. Ke5 Bg4 59. Kf4 Kg6 1/2-1/2


[Site "https://www.chess.com"]

[Event "Titled Tuesday Blitz April 26 Early 2022"]
[White "Demin, Vladimir"]
[Black "Moiseenko, Alexander"]
[WhiteFideId "4167457"]
[BlackFideId "14102560"]
[WhiteElo "2398"]
[BlackElo "2577"]
[Result "1-0"]
[Round "05"]
[TimeControl "180+1"]
[Date "2022.04.26"]
[WhiteClock "0:00:13"]
[BlackClock "0:00:10"]

1. e4 c5 2. Nf3 Nc6 3. d4 cxd4 4. Nxd4 Nf6 5. Nc3 e5 6. Ndb5 d6 7. Bg5 a6 8. Na3 b5 9. Bxf6 gxf6 10. Nd5 f5 11. Bxb5 axb5 12. Nxb5 Ra4 13. b4 Rxb4 14. Nbc7+ Kd7 15. O-O Rxe4 16. Qh5 Ne7 17. Qxf7 Kc6 18. Rab1 Nxd5 19. Nxd5 Qd7 20. Qf6 Rg8 21. Nb4+ Kb7 22. g3 Ka7 23. Rb3 Bb7 24. Rfb1 Bg7 25. Qg5 Rc8 26. Qd2 Rd4 27. Ra3+ Kb8 28. Na6+ Ka7 29. Nc5+ Kb8 30. Nxd7+ Kc7 31. Qa5+ Kxd7 32. Rxb7+ Ke6 33. Rxg7 Rxc2 34. Qa8 Rd1+ 35. Kg2 Rdd2 36. Qg8+ Kf6 37. Qf7# 1-0


[Site "https://www.chess.com"]

[Event "Titled Tuesday Blitz April 26 Early 2022"]
[White "Devaev, Alexander"]
[Black "Jakubowski, Krzysztof"]
[WhiteFideId "4169395"]
[BlackFideId "1112848"]
[WhiteElo "2185"]
[BlackElo "2365"]
[Result "1-0"]
[Round "05"]
[TimeControl "180+1"]
[Date "2022.04.26"]
[WhiteClock "0:00:23"]
[BlackClock "0:00:01"]

1. d4 Nf6 2. c4 e6 3. Nf3 Bb4+ 4. Bd2 a5 5. Nc3 O-O 6. g3 d6 7. Bg2 Nbd7 8. O-O e5 9. d5 Qe7 10. a3 Bxc3 11. Bxc3 a4 12. Qc2 Nc5 13. Bb4 Nb3 14. Rad1 b6 15. Bc3 Nd7 16. Nd2 Nxd2 17. Rxd2 Nc5 18. f4 e4 19. Rd4 Bf5 20. h3 h5 21. Kh2 Rfe8 22. Rg1 Qd7 23. Qd1 Rab8 24. Bf1 b5 25. cxb5 Rxb5 26. e3 Nd3 27. Qxh5 Reb8 28. Rg2 Rb3 29. g4 Bh7 30. Bxd3 exd3 31. f5 Qe7 32. Rxd3 Qe4 33. Rgd2 f6 34. Qh4 Bxf5 35. Rd4 Qe5+ 36. Qg3 Qxg3+ 37. Kxg3 Bd7 38. h4 Kf7 39. Kf4 Re8 40. Rc4 Rb7 41. h5 Re7 42. Rg2 Bc8 43. g5 fxg5+ 44. Rxg5 Kf8 45. Re4 1-0


[Site "https://www.chess.com"]

[Event "Titled Tuesday Blitz April 26 Early 2022"]
[White "Donchenko, Alexander"]
[Black "Fedoseev, Vladimir"]
[WhiteFideId "24603295"]
[BlackFideId "24130737"]
[WhiteElo "2539"]
[BlackElo "2726"]
[Result "1-0"]
[Round "05"]
[TimeControl "180+1"]
[Date "2022.04.26"]
[WhiteClock "0:00:17"]
[BlackClock "0:00:02"]

1. d4 Nf6 2. Nf3 g6 3. g3 Bg7 4. Bg2 O-O 5. O-O d6 6. b3 b5 7. a4 b4 8. Nbd2 Bb7 9. Bb2 a5 10. Re1 Nfd7 11. e4 c5 12. Nc4 Nc6 13. d5 Nce5 14. Nfxe5 Nxe5 15. Bxe5 Bxe5 16. Nxe5 dxe5 17. c4 Qd6 18. Qe2 Kh8 19. Rf1 g5 20. Bh3 Rg8 21. Qh5 Rg7 22. Rae1 Rag8 23. Bg4 Qf6 24. Qh3 Rg6 25. Qg2 Bc8 26. h3 h5 27. Bxh5 Rh6 28. g4 Rxh5 29. gxh5 Qh6 30. Re3 Qxh5 31. Rg3 f6 32. Qf3 Qh4 33. Kg2 Kg7 34. Rd1 Rd8 35. Qe3 Bd7 36. d6 Bc6 37. Qxc5 Qxe4+ 38. Kf1 Rxd6 39. Rxd6 Qb1+ 40. Ke2 exd6 41. Qxc6 Qc2+ 42. Kf1 Qd1+ 43. Kg2 Qd4 44. Qd7+ Kg6 45. Qe8+ Kf5 46. Qc6 Kg6 47. Qa8 Qc5 48. Qd5 Qc7 49. Rd3 1-0


[Site "https://www.chess.com"]

[Event "Titled Tuesday Blitz April 26 Early 2022"]
[White "Drygalov, Sergey"]
[Black "Jobava, Baadur"]
[WhiteFideId "24171743"]
[BlackFideId "13601520"]
[WhiteElo "2514"]
[BlackElo "2617"]
[Result "1/2-1/2"]
[Round "05"]
[TimeControl "180+1"]
[Date "2022.04.26"]
[WhiteClock "0:00:36"]
[BlackClock "0:01:03"]

1. d4 d5 2. c4 dxc4 3. Nf3 Nf6 4. e3 Bg4 5. Bxc4 e6 6. h3 Bh5 7. g4 Bg6 8. Ne5 Nbd7 9. Nxg6 hxg6 10. Nc3 c6 11. Bd2 Qc7 12. Qf3 Nb6 13. Bb3 O-O-O 14. O-O-O g5 15. Kb1 Kb8 16. Bc1 Bd6 17. e4 Bf4 18. Bxf4 Qxf4 19. Qxf4+ gxf4 20. e5 Nfd5 21. Ne4 Rd7 22. h4 Kc7 23. h5 a5 24. g5 a4 25. Bc2 Nc4 26. h6 gxh6 27. gxh6 a3 28. b3 Nb2 29. Rdg1 Nb4 30. h7 Rxd4 31. Rg8 Rxh7 32. Rxh7 Nxc2 33. Rxf7+ Kb6 34. Kxc2 Rxe4 35. Kd2 Rd4+ 36. Kc3 Rd3+ 37. Kb4 c5+ 38. Kxa3 Nc4+ 39. Ka4 Nb2+ 40. Ka3 Nc4+ 41. Ka4 Nb2+ 42. Ka3 1/2-1/2


[Site "https://www.chess.com"]

[Event "Titled Tuesday Blitz April 26 Early 2022"]
[White "Dubov, Daniil"]
[Black "Lazavik, Denis"]
[WhiteFideId "24126055"]
[BlackFideId "13515110"]
[WhiteElo "2791"]
[BlackElo "2437"]
[Result "0-1"]
[Round "05"]
[TimeControl "180+1"]
[Date "2022.04.26"]
[WhiteClock "0:00:02"]
[BlackClock "0:00:05"]

1. d4 d5 2. c4 c6 3. Nf3 Nf6 4. cxd5 cxd5 5. Nc3 Nc6 6. Bf4 Bf5 7. Qb3 Na5 8. Qa4+ Bd7 9. Qc2 e6 10. e3 Be7 11. Bd3 Nc6 12. a3 Nh5 13. Be5 f6 14. Bg3 f5 15. Be5 Nf6 16. O-O O-O 17. h3 Rc8 18. Bh2 Ne4 19. Qe2 Be8 20. Ne5 Nxe5 21. Bxe5 Nxc3 22. bxc3 Rxc3 23. Rfc1 Rxc1+ 24. Rxc1 Bc6 25. Bb5 Qb6 26. Bxc6 bxc6 27. Qc2 Rc8 28. Rb1 Qa6 29. Qb3 Qb5 30. Qxb5 cxb5 31. Rxb5 Bxa3 32. Rb7 Bf8 33. Rxa7 Re8 34. g4 g6 35. Kg2 Re7 36. Ra8 Rd7 37. Kg3 Kf7 38. gxf5 gxf5 39. Kh4 Bg7 40. Kg5 Rb7 41. h4 Bf8 42. Kh5 Rd7 43. Bf4 Rb7 44. Bg5 Bg7 45. Bf4 Bf8 46. Be5 Rd7 47. Rb8 Ra7 48. Rc8 Rb7 49. Bf4 Ra7 50. Rc2 Rb7 51. Bh6 Bxh6 52. Kxh6 Kf6 53. h5 f4 54. exf4 Kf5 55. Re2 Re7 56. Re5+ Kxf4 57. Re3 e5 58. dxe5 d4 59. Re1 Rxe5 60. Rd1 Rd5 61. Kxh7 Rxh5+ 62. Kg6 Rd5 63. Kf6 d3 64. Ke6 Rd8 65. Ke7 Rd4 66. Ke6 Ke4 67. Rd2 Rc4 68. f4 Rc6+ 69. Ke7 Rc7+ 70. Ke6 Rc6+ 71. Ke7 Rc5 72. Ke6 Rc2 0-1


[Site "https://www.chess.com"]

[Event "Titled Tuesday Blitz April 26 Early 2022"]
[White "Dwilewicz, Katarzyna"]
[Black "Andrews, Todd"]
[WhiteFideId "1148486"]
[BlackFideId "2012456"]
[WhiteElo "1907"]
[BlackElo "2343"]
[Result "0-1"]
[Round "05"]
[TimeControl "180+1"]
[Date "2022.04.26"]
[WhiteClock "0:00:02"]
[BlackClock "0:00:16"]

1. e4 e6 2. d4 d5 3. exd5 exd5 4. Nf3 Bg4 5. h3 Bh5 6. Bd3 Bd6 7. O-O Ne7 8. Re1 Nc6 9. c3 Qd7 10. Nbd2 f6 11. Nf1 O-O-O 12. Ng3 Bg6 13. Nh4 Kb8 14. Nxg6 hxg6 15. Qf3 Rh4 16. b4 Rdh8 17. b5 Nd8 18. a4 Nf7 19. a5 g5 20. Nf5 g4 21. Rxe7 Bxe7 22. Qe2 gxh3 23. Qxe7 Qxe7 24. Nxe7 Re8 25. Ba3 h2+ 26. Kh1 Ng5 27. Bg6 Ne4 28. Bxe4 Rxe4 29. Kxh2 R8xe7 30. Bxe7 Rxe7 31. Kg3 Re2 32. Kf3 Rc2 33. Re1 Rxc3+ 34. Kg4 Kc8 35. Re7 Rc4 36. Rxg7 Rxd4+ 37. Kf5 c5 38. bxc6 bxc6 39. Rxa7 c5 40. f3 c4 41. Kxf6 c3 42. Ra8+ Kb7 43. Rh8 c2 44. a6+ Kxa6 45. Ra8+ Kb7 46. Ra1 Rd1 0-1


[Site "https://www.chess.com"]

[Event "Titled Tuesday Blitz April 26 Early 2022"]
[White "Esipenko, Andrey"]
[Black "Sanal, Vahap"]
[WhiteFideId "24175439"]
[BlackFideId "6300545"]
[WhiteElo "2617"]
[BlackElo "2603"]
[Result "1-0"]
[Round "05"]
[TimeControl "180+1"]
[Date "2022.04.26"]
[WhiteClock "0:00:13"]
[BlackClock "0:00:05"]

1. d4 Nf6 2. c4 e6 3. Nc3 Bb4 4. e3 c5 5. d5 exd5 6. cxd5 d6 7. Bd3 O-O 8. Ne2 Nxd5 9. Bxh7+ Kxh7 10. Qxd5 Nc6 11. O-O Be6 12. Qh5+ Kg8 13. e4 Bc4 14. Rd1 Bxc3 15. Nxc3 Nd4 16. Bg5 f6 17. Bf4 b5 18. Rd2 Qd7 19. Be3 Bf7 20. Qd1 b4 21. Bxd4 cxd4 22. Ne2 Rfe8 23. Rxd4 Qb5 24. Ng3 d5 25. exd5 Rad8 26. d6 Rd7 27. Qd2 Red8 28. Rxb4 Qe5 29. Ne4 f5 30. Nc3 Rxd6 31. Qe1 Qf6 32. h3 Re8 33. Qc1 a5 34. Ra4 g5 35. Rxa5 f4 36. Qc2 Bg6 37. Qb3+ Kh7 38. Qb5 Kh6 39. Qc5 Rd2 40. Rf1 Rxb2 41. Nd5 Qe5 42. Ra6 Rd2 43. Qc6 Rg8 44. Nf6 Rg7 45. Ng4+ 1-0


[Site "https://www.chess.com"]

[Event "Titled Tuesday Blitz April 26 Early 2022"]
[White "Fajdetic, Hrvoje"]
[Black "Miszler, Levente"]
[WhiteFideId "14501945"]
[BlackFideId "763276"]
[WhiteElo "2172"]
[BlackElo "1966"]
[Result "1-0"]
[Round "05"]
[TimeControl "180+1"]
[Date "2022.04.26"]
[WhiteClock "0:01:44"]
[BlackClock "0:00:51"]

1. d4 d5 2. Bf4 c5 3. e3 Nc6 4. Nc3 a6 5. Nce2 f6 6. Nf3 e6 7. c3 Bd6 8. h4 Nge7 9. h5 Qc7 10. dxc5 Bxf4 11. Nxf4 Ne5 12. b4 b6 13. Nxe5 fxe5 14. Nd3 e4 15. Nf4 bxc5 16. bxc5 Qxc5 17. Qd4 Qxd4 18. cxd4 Kf7 19. f3 exf3 20. gxf3 Bd7 21. Bh3 Rhc8 22. e4 dxe4 23. fxe4 Rc4 24. Rd1 Rb8 25. O-O Ke8 26. Nxe6 Rb2 27. Rf8# 1-0


[Site "https://www.chess.com"]

[Event "Titled Tuesday Blitz April 26 Early 2022"]
[White "Fernandez, Daniel Howard"]
[Black "Chojnacki, Slawomir"]
[WhiteFideId "5801605"]
[BlackFideId "1117076"]
[WhiteElo "2466"]
[BlackElo "2084"]
[Result "1/2-1/2"]
[Round "05"]
[TimeControl "180+1"]
[Date "2022.04.26"]
[WhiteClock "0:01:29"]
[BlackClock "0:01:42"]

1. e4 c6 2. d4 d5 3. exd5 cxd5 4. Bd3 Nf6 5. c3 Nc6 6. Bf4 g6 7. Nf3 Bf5 8. Bxf5 gxf5 9. O-O e6 10. Nbd2 Bd6 11. Bg5 Be7 12. Nb3 Ne4 13. Bf4 Bd6 14. Bxd6 Qxd6 15. Nc1 O-O 16. Nd3 Kh8 17. Nfe5 Nxe5 18. Nxe5 f6 19. Nd3 Rg8 20. f3 Ng5 21. Qe2 Rg6 22. Rae1 Rag8 23. Kh1 Qxh2+ 24. Kxh2 Rh6+ 25. Kg1 Nh3+ 26. Kh2 Nf4+ 27. Kg1 Nh3+ 28. Kh2 Nf4+ 29. Kg1 Nh3+ 1/2-1/2


[Site "https://www.chess.com"]

[Event "Titled Tuesday Blitz April 26 Early 2022"]
[White "Fernandez Hernandez, Gerardo"]
[Black "Buscar, Michael"]
[WhiteFideId "2207400"]
[BlackFideId "2603616"]
[WhiteElo "2191"]
[BlackElo "2010"]
[Result "0-1"]
[Round "05"]
[TimeControl "180+1"]
[Date "2022.04.26"]
[WhiteClock "0:00:01"]
[BlackClock "0:00:19"]

1. e4 c5 2. d3 d5 3. Nd2 Nc6 4. Ngf3 dxe4 5. dxe4 g6 6. Be2 Bg7 7. O-O f6 8. c3 e5 9. Qb3 Qb6 10. Nc4 Qxb3 11. axb3 Bf8 12. Nb6 Rb8 13. Nxc8 Rxc8 14. Bc4 Nge7 15. Be3 b6 16. Bb5 Kd8 17. Rfd1+ Kc7 18. Nd2 Bg7 19. Nc4 Rcd8 20. Kf1 f5 21. f3 f4 22. Bf2 g5 23. Ke2 h5 24. g3 Bf6 25. gxf4 exf4 26. e5 Rxd1 27. Rxd1 Bxe5 28. Nxe5 Nxe5 29. b4 cxb4 30. Bd4 N7g6 31. cxb4 Rd8 32. Bc3 Rxd1 33. Kxd1 Nxf3 34. Bf6 g4 35. h3 gxh3 36. Be2 Nge5 37. Bxe5+ Nxe5 0-1


[Site "https://www.chess.com"]

[Event "Titled Tuesday Blitz April 26 Early 2022"]
[White "Fiorito, Fabian"]
[Black "Koziorowicz, Michal"]
[WhiteFideId "100200"]
[BlackFideId "21809194"]
[WhiteElo "2395"]
[BlackElo "2235"]
[Result "1/2-1/2"]
[Round "05"]
[TimeControl "180+1"]
[Date "2022.04.26"]
[WhiteClock "0:00:14"]
[BlackClock "0:00:08"]

1. d4 f5 2. Nc3 Nf6 3. Bf4 e6 4. e3 Be7 5. h3 O-O 6. Qd2 d6 7. O-O-O Nc6 8. Nf3 Ne4 9. Qe1 d5 10. Nxe4 fxe4 11. Nd2 Bd6 12. g3 e5 13. dxe5 Nxe5 14. Bxe5 Bxe5 15. Nxe4 Bf5 16. Nc3 c6 17. Bg2 Qf6 18. f4 Bxc3 19. Qxc3 Qxc3 20. bxc3 Rae8 21. Kd2 Be4 22. Bxe4 Rxe4 23. Rde1 Rfe8 24. Rhf1 Ra4 25. Ra1 Kf7 26. Rfb1 b6 27. Rb4 Ra5 28. a4 Rc5 29. Kd3 Kf6 30. Re1 Rd8 31. Rd4 b5 32. axb5 cxb5 33. Ra1 Rd7 34. Ra6+ Kf7 35. Kd2 Rdc7 36. Rd3 b4 37. cxb4 Rxc2+ 38. Kd1 Rg2 39. g4 Rg3 40. g5 Rxh3 41. Rd6 Rb7 42. R6xd5 Rxb4 43. Ra5 Rb2 44. Kc1 Re2 45. Rxa7+ Kg6 46. Ra5 Rh1+ 47. Rd1 Rxd1+ 48. Kxd1 Rxe3 49. Kd2 Re4 50. Ra6+ Kh5 51. Ra7 Kg6 52. f5+ Kxf5 53. Rxg7 Rh4 54. Ke3 Rh3+ 55. Kf2 Kf4 56. Kg2 Rh5 57. Kf2 Kf5 58. Ke3 Kg4 59. Ke4 Rh1 60. Ke5 Kh5 61. Kf6 Rf1+ 62. Ke6 Re1+ 63. Kf6 Rf1+ 64. Ke7 Rf2 65. Ke6 Re2+ 66. Kf5 Rf2+ 67. Ke5 Kg4 68. g6 h5 69. Rh7 Rf8 70. g7 Rg8 71. Kf6 h4 72. Kf7 Rxg7+ 73. Rxg7+ Kf3 74. Kf6 h3 75. Rh7 Kg2 76. Kf5 h2 77. Rg7+ Kf2 78. Rh7 Kg1 79. Rg7+ Kf1 80. Rh7 Kg1 81. Rg7+ Kf1 82. Rh7 Kg2 83. Kf4 h1=Q 84. Rxh1 Kxh1 1/2-1/2


[Site "https://www.chess.com"]

[Event "Titled Tuesday Blitz April 26 Early 2022"]
[White "Gokerkan, Cem Kaan"]
[Black "Schekachikhin, Maksim"]
[WhiteFideId "6336760"]
[BlackFideId "24177830"]
[WhiteElo "2382"]
[BlackElo "2230"]
[Result "1-0"]
[Round "05"]
[TimeControl "180+1"]
[Date "2022.04.26"]
[WhiteClock "0:00:06"]
[BlackClock "0:00:24"]

1. e4 c5 2. Nf3 e6 3. d4 cxd4 4. Nxd4 Nc6 5. Nc3 Qc7 6. Be3 Nf6 7. Qd2 Bb4 8. Nxc6 bxc6 9. Bd3 O-O 10. a3 Bd6 11. O-O-O Ng4 12. g3 Nxe3 13. Qxe3 Be5 14. Be2 c5 15. f4 Bd4 16. Rxd4 cxd4 17. Qxd4 Rb8 18. Rd1 Qb6 19. Qxb6 Rxb6 20. b4 Rd8 21. b5 Kf8 22. a4 Ke7 23. Kb2 d6 24. Kb3 Rb8 25. Na2 a6 26. Nb4 Bb7 27. bxa6 Bxe4 28. Bb5 Ba8 29. c4 e5 30. Re1 f6 31. a5 g5 32. h4 gxh4 33. gxh4 Rg8 34. Ka4 Rg4 35. fxe5 fxe5 36. h5 e4 37. a7 Rc8 38. a6 Rg5 39. Kb3 Rxh5 40. Bc6 Rc5 41. Rxe4+ Kf7 42. Bb7 Rd8 43. Nd5 Ra5 44. Re7+ Kg6 45. Rc7 Bxb7 46. axb7 Rxa7 47. Ne7+ Kg5 48. Nc6 Rxb7+ 49. Rxb7 Rc8 50. Nd4 Kf4 51. Rxh7 Rb8+ 52. Kc3 Ra8 53. Rf7+ Ke5 54. Re7+ Kf6 55. Re1 Ra3+ 56. Kb4 Rd3 57. Re6+ Kf7 58. Rxd6 Ke8 59. c5 1-0


[Site "https://www.chess.com"]

[Event "Titled Tuesday Blitz April 26 Early 2022"]
[White "Gu, Xiaobing"]
[Black "Nurmanova, Alua"]
[WhiteFideId "8602611"]
[BlackFideId "13729390"]
[WhiteElo "2174"]
[BlackElo "1905"]
[Result "0-1"]
[Round "05"]
[TimeControl "180+1"]
[Date "2022.04.26"]
[WhiteClock "0:00:37"]
[BlackClock "0:00:36"]

1. e4 c5 2. Nf3 d6 3. Bb5+ Bd7 4. c4 Nc6 5. Nc3 e6 6. d4 cxd4 7. Nxd4 Nf6 8. O-O Be7 9. Be3 O-O 10. h3 a6 11. Bxc6 bxc6 12. Rc1 c5 13. Nf3 Qc7 14. Qd3 Rab8 15. b3 Bc6 16. Rfd1 Rfd8 17. Bg5 Qb7 18. Re1 h6 19. Bh4 a5 20. Qe2 Nh5 21. Bxe7 Qxe7 22. e5 Nf4 23. Qe3 dxe5 24. Ne4 Nd3 25. Rcd1 Nxe1 26. Rxe1 Bxe4 27. Qxe4 f6 28. Nh4 Rd4 29. Ng6 Qf7 30. Qc2 Rbd8 31. Kh2 Rd3 32. Re3 Qxg6 0-1


[Site "https://www.chess.com"]

[Event "Titled Tuesday Blitz April 26 Early 2022"]
[White "Guliev, Logman"]
[Black "Oganian, Miran"]
[WhiteFideId "13400061"]
[BlackFideId "4122488"]
[WhiteElo "2128"]
[BlackElo "2357"]
[Result "0-1"]
[Round "05"]
[TimeControl "180+1"]
[Date "2022.04.26"]
[WhiteClock "0:01:44"]
[BlackClock "0:03:01"]

1. e4 e6 2. d4 d5 3. Nd2 Nf6 4. e5 Nfd7 5. Bd3 c5 6. c3 Nc6 7. Ne2 cxd4 8. cxd4 f6 9. exf6 Qxf6 10. Nf3 h6 11. O-O Bd6 12. Ng3 O-O 13. Be3 Rf7 14. Rc1 Nf8 15. a3 Bd7 16. b4 a6 17. Re1 Be8 18. Nh5 Qd8 19. Bb1 Rc8 20. Ng3 Rfc7 21. Qd2 Qf6 22. Nh5 Bxh5 0-1


[Site "https://www.chess.com"]

[Event "Titled Tuesday Blitz April 26 Early 2022"]
[White "Gunduz, Umut Erdem"]
[Black "Manukian, Artak"]
[WhiteFideId "6381383"]
[BlackFideId "13301373"]
[WhiteElo "2099"]
[BlackElo "2344"]
[Result "1/2-1/2"]
[Round "05"]
[TimeControl "180+1"]
[Date "2022.04.26"]
[WhiteClock "0:00:45"]
[BlackClock "0:00:13"]

1. e4 c6 2. d4 d5 3. exd5 cxd5 4. c4 Nf6 5. Nc3 g6 6. Bg5 Bg7 7. Bxf6 exf6 8. Nxd5 O-O 9. Nf3 Nc6 10. Be2 Bg4 11. O-O f5 12. Ne5 Bxe2 13. Qxe2 Nxd4 14. Qe3 Nc2 15. Qc5 Nxa1 16. Rxa1 Bxe5 17. Ne7+ Kg7 18. Qxe5+ f6 19. Qc5 b6 20. Qb4 a5 21. Qa3 Qc7 22. b3 Qc5 23. Qxc5 bxc5 24. Nd5 a4 25. Nb6 axb3 26. Nxa8 Rxa8 27. Kf1 bxa2 28. Ke2 f4 29. Kf3 g5 30. Ke4 Kg6 31. Kd5 Ra5 32. Kc6 Kf5 33. Kb6 Ra8 34. Kxc5 Ke4 35. Kb6 Kd3 36. c5 Kc2 37. Kb7 Ra4 38. c6 Kb2 39. Rxa2+ Kxa2 40. c7 Rc4 41. c8=Q Rxc8 42. Kxc8 Kb2 43. Kd7 Kc2 44. Ke6 Kd2 45. Kxf6 Ke2 46. Kxg5 Kxf2 47. Kxf4 Kxg2 48. Kg5 Kxh2 49. Kh6 Kg3 50. Kxh7 1/2-1/2


[Site "https://www.chess.com"]